Map: Frozen Temple

Players

Biscuit

  • Race: Zerg Zerg
  • League: Platinum

Tenonee

  • Race: Terran Terran
  • League: Diamond

VOD

Have the link to the VOD?

Description

Time

  • Played on: July 30, 2016, 8:29 a.m.
  • Length: 16:35
Show
View Real Time Build Order
Export as new Build Order

Biscuit Zerg 

Build Orders: Hatch First 

Get SALT Encoding   

  12  0:01  Drone  
  13  0:13  Overlord  
  13  0:18  Drone  
  14  0:31  Drone x2  
  16  0:37  Drone  
  17  0:47  Drone  
  18  0:58  Hatchery  
  18  1:03  Drone  
  18  1:11  Extractor  
  17  1:17  Spawning Pool  
  16  1:28  Drone x2  
  18  1:41  Drone x2  
  20  1:51  Overlord  
  20  2:04  Queen  
  22  2:08  Overlord  
  22  2:12  Queen  
  22  2:13  Drone x2  
  26  2:21  Zergling x2  
  27  2:24  Metabolic Boost  
  27  2:31  Drone  
  28  2:38  Spine Crawler  
  27  2:46  Zergling x2  
  27  2:47  Zergling x2  
  27  2:50  Drone x2  
  30  3:00  Drone x2  
  32  3:07  Drone x2  
  34  3:22  Hatchery  
  34  3:24  Roach Warren  
  34  3:26  Pneumatized Carapace  
  32  3:49  Drone x8  
  40  3:56  Drone x4  
  40  4:01  Overlord  
  44  4:03  Overlord  
  42  4:20  Evolution Chamber  
  42  4:21  Evolution Chamber  
  42  4:23  Roach x3  
  46  4:26  Spine Crawler  
  46  4:29  Queen  
  47  4:32  Lair  
  47  4:37  Extractor  
  47  4:38  Drone x3  
  48  4:39  Extractor  
  48  4:58  Zerg Missile Weapons Level 1  
  48  5:05  Roach x3  
  54  5:20  Drone x11  
  65  5:32  Zerg Ground Armor Level 1  
  65  5:33  Overlord x3  
  65  5:45  Extractor, Drone  
  65  5:46  Drone  
  66  5:50  Queen  
  68  5:58  Roach  
  68  5:59  Roach x7  
  84  6:05  Extractor  
  84  6:06  Extractor  
  82  6:16  Zergling x8  
  82  6:17  Zergling x6  
  89  6:19  Overseer  
  89  6:26  Overlord x3  
  89  6:28  Glial Reconstitution  
  89  6:44  Drone, Queen  
  92  6:56  Spire  
  89  7:11  Zerg Missile Weapons Level 2  
  89  7:27  Roach x12  
  113  7:36  Hatchery  
  112  7:42  Drone x4  
  114  7:45  Overlord  
  114  7:46  Overlord x3  
  114  7:51  Spore Crawler  
  114  7:52  Spine Crawler  
  114  7:53  Zerg Ground Armor Level 2  
  114  7:57  Overseer  
  112  8:11  Queen  
  114  8:21  Mutalisk  
  114  8:22  Mutalisk x3  
  114  8:25  Drone x2  
  114  8:26  Drone x7  
  127  8:41  Zergling x16  
  135  8:49  Spine Crawler  
  135  8:51  Spore Crawler  
  131  9:11  Drone x8  
  131  9:14  Mutalisk x3  
  145  9:19  Zerg Flyer Weapons Level 1  
  145  9:30  Overlord  
  145  9:31  Overlord x3  
  145  9:41  Hatchery  
  90  10:00  Roach x5  
  90  10:01  Roach x7  
  90  10:03  Roach x2  
  110  10:11  Roach  
  110  10:12  Roach x3  
  118  10:19  Overseer  
  118  10:21  Roach  
  118  10:22  Roach x2  
  118  10:40  Mutalisk x7  
  132  10:52  Zergling x16  
  140  10:58  Zerg Melee Weapons Level 1, Infestation Pit  
  127  11:22  Zergling x6  
  127  11:23  Zergling x30  
  144  11:37  Baneling Nest  
  143  11:44  Queen  
  143  11:45  Overlord  
  143  11:46  Mutalisk, Overlord x2  
  143  11:47  Mutalisk x4  
  145  11:50  Zerg Flyer Armor Level 1  
  155  11:59  Overlord x2  
  143  12:13  Mutalisk  
  143  12:14  Mutalisk x6  
  157  12:32  Mutalisk  
  157  12:33  Mutalisk x5  
  148  12:58  Mutalisk  
  148  12:59  Mutalisk x4  
  148  13:18  Zergling x28  
  162  13:20  Hive  
  160  13:35  Hatchery  
  137  13:42  Roach x8  
  137  13:45  Baneling x4  
  137  13:46  Baneling x5  
  153  13:52  Centrifical Hooks  
  153  13:55  Drone x6  
  153  13:56  Drone x2  
  153  13:59  Extractor  
  153  14:01  Extractor  
  159  14:11  Zergling x8  
  142  14:40  Mutalisk x6  
  140  14:52  Zergling x30  
  150  14:53  Zergling x8  
  146  15:15  Ultralisk Cavern  
  146  15:17  Spawning Pool  
  144  15:26  Mutalisk x3  
  150  15:30  Zergling x24  
  162  15:37  Drone x3  
  162  15:39  Overlord  
  165  15:45  Baneling x6, Extractor x2  
  144  16:09  Zergling x26  
Show
View Real Time Build Order
Export as new Build Order

Tenonee Terran 

Build Orders: Reaper Expand, MMM Bio 

Get SALT Encoding   

  12  0:01  SCV  
  13  0:13  SCV  
  14  0:18  Supply Depot  
  14  0:25  SCV  
  15  0:40  SCV  
  16  0:45  Barracks  
  16  0:48  Refinery  
  16  0:52  SCV  
  17  0:59  Supply Depot  
  17  1:04  SCV  
  18  1:20  SCV  
  19  1:34  Orbital Command  
  19  1:35  Reaper  
  20  1:54  Command Center  
  20  1:59  SCV  
  21  2:07  Marine  
  22  2:14  Factory  
  22  2:16  SCV  
  23  2:28  SCV  
  24  2:37  Barracks Reactor  
  24  2:40  SCV  
  25  2:52  SCV  
  25  2:55  Supply Depot  
  26  3:04  SCV, Refinery  
  27  3:07  Barracks  
  27  3:10  Orbital Command  
  27  3:14  Supply Depot  
  27  3:18  SCV  
  28  3:20  Barracks Tech Lab  
  28  3:22  Hellion x2  
  32  3:30  SCV  
  33  3:38  SCV  
  34  3:42  SCV  
  34  3:45  Hellion x2  
  34  3:46  Marine  
  40  3:52  SCV  
  40  3:54  SCV  
  41  3:55  Barracks Reactor  
  41  3:57  Stimpack  
  41  4:04  Starport, SCV  
  41  4:08  SCV  
  41  4:09  Supply Depot  
  43  4:18  SCV  
  43  4:19  Hellion x2  
  43  4:20  SCV  
  49  4:26  Marine  
  49  4:30  SCV  
  51  4:38  SCV  
  51  4:41  Bunker, Marine x2  
  51  4:42  SCV  
  51  4:44  Marine  
  56  4:52  Refinery  
  56  4:53  Refinery  
  56  4:54  Engineering Bay  
  56  4:55  Factory Tech Lab  
  56  4:56  SCV x2  
  56  4:57  Engineering Bay  
  58  5:08  SCV  
  58  5:09  Marine x3  
  60  5:14  SCV  
  60  5:20  Siege Tank, SCV  
  65  5:25  Command Center  
  65  5:27  Marine x2, SCV  
  68  5:32  SCV  
  69  5:39  Supply Depot  
  69  5:41  Medivac x2  
  69  5:42  Marine  
  74  5:44  Marine  
  74  5:45  Supply Depot  
  74  5:47  Supply Depot  
  74  5:49  Marine  
  76  5:59  Marine  
  76  6:01  Terran Infantry Armor Level 1, Terran Infantry Weapons Level 1, Siege Tank  
  80  6:05  Armory  
  80  6:07  Supply Depot, SCV x2  
  80  6:10  Combat Shields  
  82  6:14  Marine  
  83  6:19  SCV  
  83  6:21  Marine x2  
  86  6:32  Marine  
  87  6:37  Barracks x2  
  87  6:50  Marine x2  
  87  6:51  Siege Tank, Marauder  
  87  6:52  Medivac x2  
  96  7:08  Marine x2, Orbital Command  
  88  7:11  Marine  
  88  7:14  SCV x2  
  93  7:26  Marine x2  
  93  7:29  Barracks Reactor x2  
  95  7:34  Missile Turret  
  95  7:38  Marauder  
  92  7:45  Marine x2  
  92  7:47  Medivac x2, Siege Tank  
  92  7:50  Missile Turret  
  101  7:57  Missile Turret  
  101  7:58  Missile Turret  
  101  7:59  Marine  
  101  8:02  Liberator x2, Concussive Shells  
  101  8:03  Marine x2  
  104  8:09  Marine  
  105  8:17  Marauder  
  105  8:18  Marine x3  
  114  8:20  Orbital Command  
  114  8:21  Marine x2  
  114  8:23  Supply Depot  
  114  8:24  Supply Depot  
  116  8:27  Marine  
  117  8:35  Marine  
  117  8:36  Marine  
  113  8:41  Marine x2, Marauder  
  113  8:42  Marine  
  113  8:46  Marine  
  113  8:47  Siege Tank  
  120  8:48  Terran Infantry Weapons Level 2, Terran Infantry Armor Level 2  
  120  8:52  SCV x3  
  120  8:53  Marine x2  
  125  8:59  Marine  
  128  9:03  Marauder  
  126  9:17  Marine x4  
  124  9:18  Supply Depot x2  
  130  9:24  Marauder  
  130  9:25  Command Center  
  130  9:27  Marine x2, Refinery x2  
  132  9:43  Liberator  
  134  9:45  Marauder  
  118  9:58  Marine x6  
  118  9:59  Siege Tank  
  106  10:00  Medivac  
  110  10:07  Marauder  
  110  10:15  Marine  
  110  10:16  Marine x5  
  116  10:21  Barracks  
  116  10:22  Barracks  
  116  10:28  Marine  
  116  10:30  Liberator  
  116  10:33  Marine  
  116  10:34  Marine x2  
  110  10:36  Marine  
  110  10:37  Marine x2  
  110  10:38  Siege Tank  
  110  10:39  Orbital Command  
  116  10:46  Marauder  
  116  10:47  Medivac  
  123  10:51  Marine  
  123  10:52  Marine  
  125  11:06  Marine x4  
  125  11:07  Marauder  
  128  11:15  Supply Depot  
  128  11:16  Command Center  
  128  11:18  Supply Depot  
  114  11:21  Marine x2  
  114  11:24  Barracks Tech Lab  
  116  11:27  Ghost Academy  
  116  11:28  Liberator  
  116  11:29  Barracks Tech Lab, Marauder  
  117  11:38  Marine  
  117  11:39  Marine x5  
  123  11:43  Marauder  
  123  11:44  Siege Tank  
  123  11:45  Medivac  
  133  11:50  Marine, Orbital Command  
  134  11:56  Marine  
  134  11:58  Terran Infantry Weapons Level 3  
  135  12:07  Missile Turret  
  129  12:10  Missile Turret x2  
  129  12:13  Missile Turret  
  126  12:28  Marine x7, Marauder  
  126  12:29  Marine  
  136  12:37  Medivac, Siege Tank  
  138  12:45  Liberator  
  138  12:46  Marine x8  
  138  12:49  Marine  
  138  12:50  Liberator  
  141  12:54  Terran Infantry Armor Level 3  
  133  13:03  Marine  
  133  13:04  Marine x6  
  126  13:09  Marine  
  126  13:12  SCV x4  
  125  13:22  Marine  
  126  13:28  Liberator  
  126  13:29  Marine x2  
  126  13:30  Marine  
  120  13:42  Command Center  
  120  13:44  Missile Turret  
  120  13:45  Missile Turret  
  120  13:46  Missile Turret  
  123  13:57  Marine x9  
  123  13:58  Siege Tank  
  123  13:59  Medivac  
  137  14:11  Terran Ship Weapons Level 1  
  137  14:14  Marine  
  137  14:15  Marine x8  
  144  14:28  Medivac  
  134  14:33  Command Center  
  105  14:39  Marine  
  105  14:40  Marine x7, Marauder  
  86  14:57  Marine  
  86  14:58  Marine x6  
  89  15:07  Marine x2  
  89  15:11  Widow Mine  
  91  15:15  Marine x3  
  91  15:20  Factory  
  94  15:23  Marine x4  
  94  15:24  Missile Turret  
  94  15:25  Marine x2, Medivac x2  
  94  15:26  Missile Turret  
  94  15:28  Missile Turret  
  104  15:33  Marine x3  
  107  15:41  Marine x3  
  110  15:45  Planetary Fortress  
  110  15:51  Missile Turret  
  103  15:59  Marine  
  89  16:04  Orbital Command  
  89  16:05  Factory Reactor  
Tags
 
Add a new tag
Caveats
  • Supply blocks, unpowered buildings, or Contaminate may cause inaccurate times.
  • Supply counts are checked every 10 seconds.